[Event "GambitGuide"]
[Site "Internet Chess Club"]
[Date "2014.10.31"]
[Round "1"]
[White "JSBach"]
[Black "fearlessone"]
[Result "0-1"]
[ICCResult "White checkmated"]
[WhiteElo "1670"]
[BlackElo "1812"]
[Opening "Vienna: `Frankenstein-Dracula' variation"]
[ECO "C27"]
[NIC "VG.02"]
[Time "22:45:16"]
[TimeControl "120+12"]

1. e4 e5 2. Nc3 Nf6 3. Bc4 Nxe4 4. Qh5 Nd6 5. Bb3 Nc6 6. Nb5 g6 7. Qf3 f5 8.
Qd5 Qe7 9. Nxc7+ Kd8 10. Nxa8 b6 11. d3 Bb7 12. Nxb6 axb6 13. Qf3 Bg7 14.
Be3 Nd4 15. Qh3 Nxb3 16. Bxb6+ Kc8 17. axb3 g5 18. b4 h5 19. Ra7 f4 20. Nf3
g4 21. Qh4 Bf6 22. Bd8 Qxd8 23. Qxf6 Qxf6 24. Nd2 Bxg2 25. Rg1 f3 26. c4 Kb8
27. Rxd7 Rd8 28. Rxd8+ Qxd8 29. Nf1 Nf5 30. Ng3 Nxg3 31. hxg3 Qxd3 32. c5
Qe2# {White checkmated} 0-1

[Event "GambitGuide"]
[Site "Internet Chess Club"]
[Date "2014.10.31"]
[Round "1"]
[White "JSBach"]
[Black "FischerKing"]
[Result "0-1"]
[ICCResult "White checkmated"]
[WhiteElo "1670"]
[BlackElo "1739"]
[Opening "Vienna: `Frankenstein-Dracula' variation"]
[ECO "C27"]
[NIC "VG.02"]
[Time "22:44:44"]
[TimeControl "120+12"]

1. e4 e5 2. Nc3 Nf6 3. Bc4 Nxe4 4. Qh5 Nd6 5. Bb3 Nc6 6. Nb5 g6 7. Qf3 f5 8.
Qd5 Qe7 9. Nxc7+ Kd8 10. Nxa8 b6 11. d3 Nd4 12. Nh3 Bg7 13. Bg5 Bf6 14. Bxf6
Qxf6 15. O-O-O Bb7 16. Nxb6 axb6 17. Rhe1 Bxd5 18. Bxd5 Kc7 19. c3 Nc6 20.
f4 Re8 21. Ng5 h6 22. Nh7 Qg7 23. Bxc6 dxc6 24. fxe5 Rxe5 25. Rxe5 Qxe5 26.
Nf8 Qf6 27. Nxg6 Qxg6 28. Rd2 Qg5 29. b4 Nb5 30. Kc2 Qe3 31. Rd1 Nd6 32. h3
f4 33. Rd2 Nf5 34. d4 Nd6 35. a4 Ne4 36. Rd1 Qxc3+ 37. Kb1 Qxb4+ 38. Kc1
Qxa4 39. d5 c5 40. d6+ Nxd6 41. Rd2 Qa3+ 42. Kb1 Nc4 43. Rf2 Qe3 44. Rc2
Na3+ 45. Kb2 Nxc2 46. Kxc2 c4 47. Kd1 b5 48. h4 b4 49. Kc2 Qc3+ 50. Kd1 b3
51. Ke2 Qe3+ 52. Kf1 b2 53. g3 b1=R+ 54. Kg2 h5 55. gxf4 Rb2+ 56. Kf1 Qc1#
{White checkmated}
0-1

[Event "GambitGuide"]
[Site "Internet Chess Club"]
[Date "2014.10.31"]
[Round "1"]
[White "JSBach"]
[Black "jmkchess"]
[Result "1-0"]
[ICCResult "Black checkmated"]
[WhiteElo "1670"]
[BlackElo "2024"]
[Opening "Vienna: `Frankenstein-Dracula' variation"]
[ECO "C27"]
[NIC "VG.02"]
[Time "22:46:16"]
[TimeControl "120+12"]

1. e4 e5 2. Nc3 Nf6 3. Bc4 Nxe4 4. Qh5 Nd6 5. Bb3 Nc6 6. Nb5 g6 7. Qf3 f5 8.
Qd5 Qe7 9. Nxc7+ Kd8 10. Nxa8 b6 11. d3 Bb7 12. Nxb6 axb6 13. Qf3 e4 14. Qe3
h5 15. Qxb6+ Kc8 16. Be3 exd3 17. O-O-O dxc2 18. Rd2 Ne4 19. Rxc2 Bh6 20.
Bxh6 Rxh6 21. Nf3 g5 22. Rd1 g4 23. Nd2 Nxd2 24. Rdxd2 Rd6 25. Re2 Qg5+ 26.
Re3 f4 27. Re8+ Qd8 28. Rxd8# {Black checkmated} 1-0

[Event "GambitGuide"]
[Site "Internet Chess Club"]
[Date "2014.10.31"]
[Round "1"]
[White "JSBach"]
[Black "Blatherman"]
[Result "1-0"]
[ICCResult "Black resigns"]
[WhiteElo "1670"]
[BlackElo "1400"]
[Opening "Vienna: `Frankenstein-Dracula' variation"]
[ECO "C27"]
[NIC "VG.02"]
[Time "22:46:14"]
[TimeControl "120+12"]

1. e4 e5 2. Nc3 Nf6 3. Bc4 Nxe4 4. Qh5 Nd6 5. Bb3 Nc6 6. Nb5 g6 7. Qf3 f5 8.
Qd5 Qe7 9. Nxc7+ Kd8 10. Nxa8 b6 11. d3 Bb7 12. Nxb6 a6 13. Qc5 e4 14. Nd5
Qe5 15. Bg5+ Kc8 16. Bf6 exd3+ 17. Bxe5 {Black resigns} 1-0

[Event "GambitGuide"]
[Site "Internet Chess Club"]
[Date "2014.10.31"]
[Round "1"]
[White "JSBach"]
[Black "FischerKing"]
[Result "1-0"]
[ICCResult "Black resigns"]
[WhiteElo "1670"]
[BlackElo "1739"]
[Opening "Vienna: `Frankenstein-Dracula' variation"]
[ECO "C27"]
[NIC "VG.02"]
[Time "22:46:54"]
[TimeControl "120+12"]

1. e4 e5 2. Nc3 Nf6 3. Bc4 Nxe4 4. Qh5 Nd6 5. Bb3 Nc6 6. Nb5 g6 7. Qf3 f5 8.
Qd5 Qe7 9. Nxc7+ Kd8 10. Nxa8 b6 11. d3 Nd4 12. f4 Bb7 13. Qxe5 Qxe5+ 14.
fxe5 Nxb3 15. axb3 Bxa8 16. Bg5+ Be7 17. Bxe7+ Kxe7 18. exd6+ Kxd6 19. Kf1
a5 20. Kf2 Re8 21. Nf3 {Black resigns} 1-0

[Event "GambitGuide"]
[Site "Internet Chess Club"]
[Date "2014.10.31"]
[Round "1"]
[White "JSBach"]
[Black "Submundo"]
[Result "1-0"]
[ICCResult "Black resigns"]
[WhiteElo "1670"]
[BlackElo "1557"]
[Opening "Vienna: `Frankenstein-Dracula' variation"]
[ECO "C27"]
[NIC "VG.02"]
[Time "22:44:27"]
[TimeControl "120+12"]

1. e4 e5 2. Nc3 Nf6 3. Bc4 Nxe4 4. Qh5 Nd6 5. Bb3 Nc6 6. Nb5 g6 7. Qf3 f5 8.
Qd5 Qe7 9. Nxc7+ Kd8 10. Nxa8 b6 11. d3 Nd4 12. h4 Bg7 13. Bg5 Bf6 14. c3
Nc6 15. Bxf6 Qxf6 16. Ba4 Bb7 17. Nxb6 axb6 18. Qb3 Kc7 19. Kf1 Ba6 20. Qd5
Ne7 21. Qf3 e4 22. Qf4 exd3 23. Rd1 Re8 24. Rd2 Nd5 25. Qg3 f4 26. Qf3 Qe5
27. Qd1 Ne3+ 28. fxe3 fxe3 29. Qg4 b5 30. Nf3 Rf8 31. Rxd3 bxa4 32. Kg1 Bxd3
33. Nxe5 e2 34. Qxd7+ Kb6 35. Qxd6+ Kb7 36. Qd7+ Kb6 37. Nxd3 Rf1+ 38. Kh2
{Black resigns}
1-0

[Event "GambitGuide"]
[Site "Internet Chess Club"]
[Date "2014.10.31"]
[Round "1"]
[White "JSBach"]
[Black "jmkchess"]
[Result "1-0"]
[ICCResult "Black resigns"]
[WhiteElo "1670"]
[BlackElo "2024"]
[Opening "Vienna: `Frankenstein-Dracula' variation"]
[ECO "C27"]
[NIC "VG.02"]
[Time "22:47:11"]
[TimeControl "120+12"]

1. e4 e5 2. Nc3 Nf6 3. Bc4 Nxe4 4. Qh5 Nd6 5. Bb3 Nc6 6. Nb5 g6 7. Qf3 f5 8.
Qd5 Qe7 9. Nxc7+ Kd8 10. Nxa8 b6 11. d3 Bb7 12. Nxb6 axb6 13. Qf3 Nd4 14.
Qg3 f4 15. Qg4 g5 16. Ba4 h5 17. Qd1 Bxg2 18. c3 Bxh1 19. cxd4 exd4+ 20. Qe2
Qe3 21. fxe3 {Black resigns} 1-0

[Event "GambitGuide"]
[Site "Internet Chess Club"]
[Date "2014.10.31"]
[Round "1"]
[White "JSBach"]
[Black "maxhappy"]
[Result "1-0"]
[ICCResult "Black resigns"]
[WhiteElo "1670"]
[BlackElo "1907"]
[Opening "Vienna: `Frankenstein-Dracula' variation"]
[ECO "C27"]
[NIC "VG.02"]
[Time "22:47:52"]
[TimeControl "120+12"]

1. e4 e5 2. Nc3 Nf6 3. Bc4 Nxe4 4. Qh5 Nd6 5. Bb3 Nc6 6. Nb5 g6 7. Qf3 f5 8.
Qd5 Qe7 9. Nxc7+ Kd8 10. Nxa8 b6 11. d3 Bg7 12. Nh3 Nd4 13. Bg5 Bf6 14. Bxf6
Qxf6 15. O-O-O Re8 16. Rd2 {Black resigns} 1-0

[Event "GambitGuide"]
[Site "Internet Chess Club"]
[Date "2014.10.31"]
[Round "1"]
[White "JSBach"]
[Black "anticreep"]
[Result "0-1"]
[ICCResult "White checkmated"]
[WhiteElo "1670"]
[BlackElo "1487"]
[Opening "Vienna: `Frankenstein-Dracula' variation"]
[ECO "C27"]
[NIC "VG.02"]
[Time "22:46:34"]
[TimeControl "120+12"]

1. e4 e5 2. Nc3 Nf6 3. Bc4 Nxe4 4. Qh5 Nd6 5. Bb3 Nc6 6. Nb5 g6 7. Qf3 f5 8.
Qd5 Qe7 9. Nxc7+ Kd8 10. Nxa8 b6 11. d3 Bb7 12. Nxb6 axb6 13. Qf3 Nd4 14.
Qg3 f4 15. Qg4 Qg7 16. Ba4 h5 17. Qh3 g5 18. Bd2 g4 19. Qh4+ Be7 20. Qxe7+
Kxe7 21. Kf1 h4 22. Re1 Rf8 23. c3 Nf3 24. gxf3 gxf3 25. Nxf3 Bxf3 26. Rg1
Qf6 27. d4 e4 28. Bb3 Qf5 29. Rg7+ Nf7 30. a4 Qh3+ 31. Kg1 Kf6 32. Bxf7 Kxg7
33. Bd5 Kf6 34. Bxe4 Rg8+ 35. Bg6 Rxg6# {White checkmated} 0-1

[Event "GambitGuide"]
[Site "Internet Chess Club"]
[Date "2014.10.31"]
[Round "1"]
[White "JSBach"]
[Black "Submundo"]
[Result "1-0"]
[ICCResult "Black checkmated"]
[WhiteElo "1656"]
[BlackElo "1557"]
[Opening "Vienna: `Frankenstein-Dracula' variation"]
[ECO "C27"]
[NIC "VG.02"]
[Time "22:48:07"]
[TimeControl "120+12"]

1. e4 e5 2. Nc3 Nf6 3. Bc4 Nxe4 4. Qh5 Nd6 5. Bb3 Nc6 6. Nb5 g6 7. Qf3 f5 8.
Qd5 Qe7 9. Nxc7+ Kd8 10. Nxa8 b6 11. d3 Nd4 12. h4 Bg7 13. Bg5 Bf6 14. c3
Bb7 15. cxd4 Bxd5 16. Bxf6 Qxf6 17. Bxd5 exd4 18. Ne2 Re8 19. Kf1 Kc8 20.
Rc1+ Kb8 21. Nc7 Rc8 22. Na6# {Black checkmated} 1-0

[Event "GambitGuide"]
[Site "Internet Chess Club"]
[Date "2014.10.31"]
[Round "1"]
[White "JSBach"]
[Black "Roaringknights"]
[Result "1-0"]
[ICCResult "Black resigns"]
[WhiteElo "1656"]
[BlackElo "1808"]
[Opening "Vienna: `Frankenstein-Dracula' variation"]
[ECO "C27"]
[NIC "VG.02"]
[Time "22:46:56"]
[TimeControl "120+12"]

1. e4 e5 2. Nc3 Nf6 3. Bc4 Nxe4 4. Qh5 Nd6 5. Bb3 Nc6 6. Nb5 g6 7. Qf3 f5 8.
Qd5 Qe7 9. Nxc7+ Kd8 10. Nxa8 b6 11. d3 Bb7 12. Nxb6 axb6 13. Qf3 Nd4 14.
Qh3 e4 15. Be3 exd3 16. O-O-O Ne2+ 17. Nxe2 dxe2 18. Rde1 Bg7 19. Rxe2 Qf6
20. c4 Re8 21. Bxb6+ Kc8 22. Rhe1 Re4 23. Qxh7 Rxc4+ 24. Bxc4 Nxc4 25. Re8+
{Black resigns}
1-0

[Event "GambitGuide"]
[Site "Internet Chess Club"]
[Date "2014.10.31"]
[Round "1"]
[White "JSBach"]
[Black "fearlessone"]
[Result "0-1"]
[ICCResult "White checkmated"]
[WhiteElo "1656"]
[BlackElo "1812"]
[Opening "Vienna: `Frankenstein-Dracula' variation"]
[ECO "C27"]
[NIC "VG.02"]
[Time "22:47:03"]
[TimeControl "120+12"]

1. e4 e5 2. Nc3 Nf6 3. Bc4 Nxe4 4. Qh5 Nd6 5. Bb3 Nc6 6. Nb5 g6 7. Qf3 f5 8.
Qd5 Qe7 9. Nxc7+ Kd8 10. Nxa8 b6 11. d3 Bb7 12. Nxb6 axb6 13. Qf3 Bg7 14.
Be3 Nd4 15. Qh3 Nxb3 16. Bxb6+ Kc8 17. axb3 g5 18. b4 h5 19. Ra7 f4 20. Nf3
g4 21. Qh4 Bf6 22. Bd8 Qxd8 23. Qxf6 Qxf6 24. Nd2 Bxg2 25. Rg1 f3 26. Ne4
Nxe4 27. Ra8+ Kb7 28. Rxh8 Qxh8 29. dxe4 Qh7 30. Kd2 Qxe4 31. Rd1 Qe2+ 32.
Kc1 Qxf2 33. Rxd7+ Kc8 34. Rd1 Qe3+ 35. Kb1 f2 36. c4 Qe4+ 37. Ka1 Qxc4 38.
b3 Qxb4 39. Ka2 f1=Q 40. Rxf1 Bxf1 41. Kb1 Qxb3+ 42. Kc1 Qd3 43. Kb2 e4 44.
Kc1 e3 45. Kb2 e2 46. Ka2 e1=Q 47. Kb2 Qee2+ 48. Kc1 Qdd1# {White
checkmated} 0-1

[Event "GambitGuide"]
[Site "Internet Chess Club"]
[Date "2014.10.31"]
[Round "1"]
[White "JSBach"]
[Black "FischerKing"]
[Result "1-0"]
[ICCResult "Black resigns"]
[WhiteElo "1656"]
[BlackElo "1739"]
[Opening "Vienna: `Frankenstein-Dracula' variation"]
[ECO "C27"]
[NIC "VG.02"]
[Time "22:47:27"]
[TimeControl "120+12"]

1. e4 e5 2. Nc3 Nf6 3. Bc4 Nxe4 4. Qh5 Nd6 5. Bb3 Nc6 6. Nb5 g6 7. Qf3 f5 8.
Qd5 Qe7 9. Nxc7+ Kd8 10. Nxa8 b6 11. d3 Nd4 12. h4 Bg7 13. Bg5 Bf6 14. Bxf6
Qxf6 15. O-O-O Bb7 16. Nxb6 axb6 17. Re1 Bxd5 18. Bxd5 Kc7 19. c3 Nc6 20.
Nf3 Re8 21. Ng5 h6 22. Nf3 b5 23. h5 g5 24. Rhf1 b4 25. Bxc6 dxc6 26. cxb4
e4 27. dxe4 Nxe4 28. Ng1 Ra8 29. a3 Rd8 30. Re2 Qd4 31. Rc2 Qd3 32. Re1 Nxf2
33. Rxf2 f4 34. Rfe2 c5 35. bxc5 Rd4 36. Rc2 Kc6 37. Nf3 Rc4 38. Ne5+
{Black resigns}
1-0

[Event "GambitGuide"]
[Site "Internet Chess Club"]
[Date "2014.10.31"]
[Round "1"]
[White "JSBach"]
[Black "maxhappy"]
[Result "1-0"]
[ICCResult "Black resigns"]
[WhiteElo "1656"]
[BlackElo "1907"]
[Opening "Vienna: `Frankenstein-Dracula' variation"]
[ECO "C27"]
[NIC "VG.02"]
[Time "22:48:58"]
[TimeControl "120+12"]

1. e4 e5 2. Nc3 Nf6 3. Bc4 Nxe4 4. Qh5 Nd6 5. Bb3 Nc6 6. Nb5 g6 7. Qf3 f5 8.
Qd5 Qe7 9. Nxc7+ Kd8 10. Nxa8 b6 11. d3 Nd4 12. h4 h6 13. f4 exf4+ 14. Kd1
Bg7 15. Bxf4 Re8 16. Kd2 Be5 17. Qxe5 Qxe5 18. Bxe5 Rxe5 19. Nf3 Nxf3+ 20.
gxf3 Bb7 21. d4 Re7 22. h5 g5 23. Nxb6 axb6 24. d5 f4 25. Rae1 Nf5 26. Rxe7
Kxe7 27. c3 Ne3 28. Re1 Kf6 29. c4 Ke5 30. Ba4 Kd4 31. b3 d6 32. Bc6 Bc8 33.
Rc1 Bh3 34. Ra1 Bg2 35. Ke2 Bh3 36. a4 Bf5 37. a5 bxa5 38. Rxa5 Bd3+ 39. Kd2
Nf1+ 40. Kd1 Ne3+ 41. Ke1 Nc2+ 42. Kf2 Ne3 43. Ra7 g4 44. fxg4 Nxg4+ 45. Kf3
Ne5+ 46. Kxf4 {Black resigns} 1-0

[Event "GambitGuide"]
[Site "Internet Chess Club"]
[Date "2014.10.31"]
[Round "1"]
[White "JSBach"]
[Black "Submundo"]
[Result "1-0"]
[ICCResult "Black resigns"]
[WhiteElo "1656"]
[BlackElo "1557"]
[Opening "Vienna: `Frankenstein-Dracula' variation"]
[ECO "C27"]
[NIC "VG.02"]
[Time "22:49:12"]
[TimeControl "120+12"]

1. e4 e5 2. Nc3 Nf6 3. Bc4 Nxe4 4. Qh5 Nd6 5. Bb3 Nc6 6. Nb5 g6 7. Qf3 f5 8.
Qd5 Qe7 9. Nxc7+ Kd8 10. Nxa8 b6 11. d3 Nd4 12. h4 Bg7 13. Bg5 Bf6 14. Bxf6
Qxf6 15. O-O-O Bb7 16. Nxb6 axb6 17. Re1 Bxd5 18. Bxd5 N6b5 19. h5 Qd6 20.
c4 Qc7 21. hxg6 h5 22. g7 Rg8 23. Bxg8 Nd6 24. Bd5 {Black resigns} 1-0

[Event "GambitGuide"]
[Site "Internet Chess Club"]
[Date "2014.10.31"]
[Round "1"]
[White "JSBach"]
[Black "jmkchess"]
[Result "0-1"]
[ICCResult "White checkmated"]
[WhiteElo "1656"]
[BlackElo "2024"]
[Opening "Vienna: `Frankenstein-Dracula' variation"]
[ECO "C27"]
[NIC "VG.02"]
[Time "22:48:03"]
[TimeControl "120+12"]

1. e4 e5 2. Nc3 Nf6 3. Bc4 Nxe4 4. Qh5 Nd6 5. Bb3 Nc6 6. Nb5 g6 7. Qf3 f5 8.
Qd5 Qe7 9. Nxc7+ Kd8 10. Nxa8 b6 11. d3 Bb7 12. Nxb6 axb6 13. Qf3 Nd4 14.
Qg3 f4 15. Qg4 g5 16. Bd2 h5 17. Qd1 Bxg2 18. Bd5 Bxd5 19. f3 g4 20. Qc1
Nxf3+ 21. Nxf3 Bxf3 22. Rf1 e4 23. Bxf4 exd3+ 24. Kd2 Qe2+ 25. Kc3 Bg7+ 26.
Kb3 Bd5+ 27. Ka4 Kc7 28. cxd3+ Bc6+ 29. Kb4 Bxb2 30. Re1 Bxc1 31. Bxd6+ Kxd6
32. Rxe2 Bg5 33. Rae1 Bf6 34. Re3 Ra8 35. R1e2 Bd4 36. Rg3 Bf3 37. Re1 Bf2
38. Ra1 Bxg3 39. hxg3 Bc6 40. a4 Rxa4+ 41. Rxa4 Bxa4 42. Kc4 b5+ 43. Kd4 b4
44. Kc4 b3 45. Kc3 Kd5 46. d4 Ke4 47. d5 Kxd5 48. Kb2 Ke4 49. Kc3 Kf3 50.
Kb2 Kxg3 51. Ka3 h4 52. Kb2 h3 53. Ka3 h2 54. Kxa4 h1=Q 55. Kxb3 Qc1 56. Kb4
Qc2 57. Kb5 Qc3 58. Kb6 Qc6+ 59. Ka7 Qb5 60. Ka8 d5 61. Ka7 d4 62. Ka8 d3
63. Ka7 d2 64. Ka8 d1=Q 65. Ka7 Qa1# {White checkmated} 0-1

[Event "GambitGuide"]
[Site "Internet Chess Club"]
[Date "2014.10.31"]
[Round "1"]
[White "JSBach"]
[Black "Roaringknights"]
[Result "1-0"]
[ICCResult "Black resigns"]
[WhiteElo "1656"]
[BlackElo "1808"]
[Opening "Vienna: `Frankenstein-Dracula' variation"]
[ECO "C27"]
[NIC "VG.02"]
[Time "22:49:17"]
[TimeControl "120+12"]

1. e4 e5 2. Nc3 Nf6 3. Bc4 Nxe4 4. Qh5 Nd6 5. Bb3 Nc6 6. Nb5 g6 7. Qf3 f5 8.
Qd5 Qe7 9. Nxc7+ Kd8 10. Nxa8 b6 11. d3 e4 12. dxe4 Nxe4 13. Be3 Bb7 14.
Nxb6 axb6 15. Bxb6+ Kc8 16. Be3 f4 17. f3 Nc5 18. Qxc5 {Black resigns} 1-0

[Event "GambitGuide"]
[Site "Internet Chess Club"]
[Date "2014.10.31"]
[Round "1"]
[White "JSBach"]
[Black "fearlessone"]
[Result "1-0"]
[ICCResult "Black resigns"]
[WhiteElo "1656"]
[BlackElo "1812"]
[Opening "Vienna: `Frankenstein-Dracula' variation"]
[ECO "C27"]
[NIC "VG.02"]
[Time "22:49:14"]
[TimeControl "120+12"]

1. e4 e5 2. Nc3 Nf6 3. Bc4 Nxe4 4. Qh5 Nd6 5. Bb3 Nc6 6. Nb5 g6 7. Qf3 f5 8.
Qd5 Qe7 9. Nxc7+ Kd8 10. Nxa8 b6 11. d3 Bb7 12. Nxb6 axb6 13. Qf3 Bg7 14.
Be3 Nd4 15. Qh3 Nxb3 16. Bxb6+ Kc8 17. axb3 g5 18. Qg3 h5 19. Bc5 f4 20.
Bxd6 Qxd6 21. Qxg5 Bf6 22. Qg6 Qf8 23. Ra4 Rg8 24. Rc4+ Kb8 25. Qxh5 Bxg2
26. Nf3 Bxh1 27. Nxe5 Bxe5 28. Qxe5+ d6 29. Rb4+ Kc7 30. Rc4+ Kd7 31. Qxf4
Qxf4 32. Rxf4 Rh8 33. h4 Bd5 34. b4 Rc8 35. Kd2 Re8 36. h5 Re6 37. Rf5 Bb7
38. Rf7+ Re7 39. Rxe7+ Kxe7 40. f4 Kf6 41. b5 Bc8 42. b4 Kg7 43. c4 Kh6 44.
c5 Kxh5 45. cxd6 Kg4 46. Ke3 Kf5 47. Kd4 Ke6 48. Kc5 Kd7 49. f5 Kd8 50. f6
Be6 51. b6 Kc8 52. d4 Kb7 53. d5 Bf7 54. d7 {Black resigns} 1-0

[Event "GambitGuide"]
[Site "Internet Chess Club"]
[Date "2014.10.31"]
[Round "1"]
[White "JSBach"]
[Black "Sunny2002"]
[Result "1-0"]
[ICCResult "Black resigns"]
[WhiteElo "1656"]
[BlackElo "1164"]
[Opening "Vienna: `Frankenstein-Dracula' variation"]
[ECO "C27"]
[NIC "VG.02"]
[Time "22:50:47"]
[TimeControl "120+12"]

1. e4 e5 2. Nc3 Nf6 3. Bc4 Nxe4 4. Qh5 Nd6 5. Bb3 Nc6 6. Nb5 g6 7. Qf3 f5 8.
Qd5 Qe7 9. Nxc7+ Kd8 10. Nxa8 b6 11. d3 Bb7 12. Nxb6 axb6 13. Qf3 Nd4 14.
Qg3 f4 15. Qg4 Bh6 16. Ba4 b5 17. Bb3 e4 18. Kf1 exd3 19. cxd3 Re8 20. Bxf4
Ne2 21. Bxh6 {Black resigns} 1-0

[Event "GambitGuide"]
[Site "Internet Chess Club"]
[Date "2014.10.31"]
[Round "1"]
[White "JSBach"]
[Black "FischerKing"]
[Result "1-0"]
[ICCResult "Black resigns"]
[WhiteElo "1656"]
[BlackElo "1739"]
[Opening "Vienna: `Frankenstein-Dracula' variation"]
[ECO "C27"]
[NIC "VG.02"]
[Time "22:49:18"]
[TimeControl "120+12"]

1. e4 e5 2. Nc3 Nf6 3. Bc4 Nxe4 4. Qh5 Nd6 5. Bb3 Nc6 6. Nb5 g6 7. Qf3 f5 8.
Qd5 Qe7 9. Nxc7+ Kd8 10. Nxa8 b6 11. d3 Nd4 12. h4 Bg7 13. Bg5 Bf6 14. Bxf6
Qxf6 15. O-O-O Bb7 16. Nxb6 axb6 17. Re1 Bxd5 18. Bxd5 Kc7 19. c3 Nc6 20.
Nf3 Re8 21. Ng5 Re7 22. Re2 h6 23. Nf3 e4 24. dxe4 Nxe4 25. Rhe1 Nxc3 26.
bxc3 Rxe2 27. Rxe2 Qxc3+ 28. Kd1 Qa1+ 29. Kd2 Nd4 30. Re7 Nxf3+ 31. Bxf3 Kd6
32. Re2 Qxa2+ 33. Ke3 Qc4 34. h5 f4+ 35. Kd2 g5 36. Kd1 b5 37. Rd2+ Kc7 38.
Rc2 Kb6 39. Rxc4 bxc4 40. Kd2 Kc5 41. Kc3 d5 42. g4 d4+ 43. Kc2 Kb4 44. Be4
Kc5 45. Kd2 Kb4 46. Kc2 Kc5 47. f3 Kb4 48. Bg6 Kc5 49. Bf7 Kb4 50. Be6 Kc5
51. Bf7 Kb4 52. Bd5 Kc5 53. Bg8 Kd6 54. Bxc4 Ke5 55. Kd3 Kd6 56. Kxd4 Ke7
57. Ke5 {Black resigns} 1-0

[Event "GambitGuide"]
[Site "Internet Chess Club"]
[Date "2014.10.31"]
[Round "1"]
[White "JSBach"]
[Black "Sunny2002"]
[Result "1-0"]
[ICCResult "Black resigns"]
[WhiteElo "1656"]
[BlackElo "1164"]
[Opening "Vienna: `Frankenstein-Dracula' variation"]
[ECO "C27"]
[NIC "VG.02"]
[Time "22:51:46"]
[TimeControl "120+12"]

1. e4 e5 2. Nc3 Nf6 3. Bc4 Nxe4 4. Qh5 Nd6 5. Bb3 Nc6 6. Nb5 g6 7. Qf3 f5 8.
Qd5 Qe7 9. Nxc7+ Kd8 10. Nxa8 b6 11. d3 Bb7 12. Nxb6 axb6 13. Qf3 Nd4 14.
Qg3 f4 15. Qg4 Bh6 16. Ba4 b5 17. Bb3 e4 18. Kf1 exd3 19. cxd3 Re8 20. Bxf4
Bxf4 21. Qxf4 Qe2+ 22. Nxe2 Nxe2 23. Qxd6 {Black resigns} 1-0

[Event "GambitGuide"]
[Site "Internet Chess Club"]
[Date "2014.10.31"]
[Round "1"]
[White "JSBach"]
[Black "panss"]
[Result "1-0"]
[ICCResult "Black resigns"]
[WhiteElo "1656"]
[BlackElo "1188"]
[Opening "Vienna: `Frankenstein-Dracula' variation"]
[ECO "C27"]
[NIC "VG.02"]
[Time "22:50:07"]
[TimeControl "120+12"]

1. e4 e5 2. Nc3 Nf6 3. Bc4 Nxe4 4. Qh5 Nd6 5. Bb3 Nc6 6. Nb5 g6 7. Qf3 f5 8.
Qd5 Qe7 9. Nxc7+ Kd8 10. Nxa8 b6 11. d3 Bb7 12. Nxb6 axb6 13. Qf3 Nd4 14.
Qh3 e4 15. Be3 exd3 16. O-O-O Ne2+ 17. Nxe2 dxe2 18. Rde1 f4 19. Bd4 Bg7 20.
Qd3 Bxd4 21. Qxd4 Re8 22. Qxb6+ Kc8 23. Qc5+ Kb8 24. Qb6 Ka8 25. Bd5 Bxd5
26. Qa5+ Kb8 27. Qxd5 Nf5 28. Qb5+ Kc8 29. Qc4+ Kb8 30. Qxf4+ Ka8 31. Qa4+
Kb8 32. g4 Qg5+ 33. Kb1 Nd6 34. Qxd7 Qe7 35. Qc6 Qc7 36. Qa6 Ne4 37. Qb5+
{Black resigns}
1-0

[Event "GambitGuide"]
[Site "Internet Chess Club"]
[Date "2014.10.31"]
[Round "1"]
[White "JSBach"]
[Black "Submundo"]
[Result "1-0"]
[ICCResult "Black resigns"]
[WhiteElo "1656"]
[BlackElo "1557"]
[Opening "Vienna: `Frankenstein-Dracula' variation"]
[ECO "C27"]
[NIC "VG.02"]
[Time "22:50:32"]
[TimeControl "120+12"]

1. e4 e5 2. Nc3 Nf6 3. Bc4 Nxe4 4. Qh5 Nd6 5. Bb3 Nc6 6. Nb5 g6 7. Qf3 f5 8.
Qd5 Qe7 9. Nxc7+ Kd8 10. Nxa8 b6 11. d3 Nd4 12. Nh3 h6 13. Kd2 Bb7 14. Nxb6
Bxd5 15. Nxd5 Qh4 16. Ke1 Bg7 17. Be3 Qg4 18. Bxd4 exd4 19. Kf1 Re8 20. f3
Qh5 21. Ndf4 Qh4 22. Nxg6 Qf6 23. Nhf4 Nb5 24. Re1 Rxe1+ 25. Kxe1 Nc7 26.
Kd1 Ne6 27. Bxe6 dxe6 28. Re1 Qf7 29. Nxe6+ Kd7 30. Ne5+ Bxe5 31. Rxe5 Kd6
32. Re2 Qb7 33. Nxd4 Qxb2 34. Nxf5+ Kd5 35. c4+ Kc6 36. Rxb2 {Black resigns}
1-0

[Event "GambitGuide"]
[Site "Internet Chess Club"]
[Date "2014.10.31"]
[Round "1"]
[White "JSBach"]
[Black "fearlessone"]
[Result "1-0"]
[ICCResult "Black resigns"]
[WhiteElo "1656"]
[BlackElo "1812"]
[Opening "Vienna: `Frankenstein-Dracula' variation"]
[ECO "C27"]
[NIC "VG.02"]
[Time "22:51:31"]
[TimeControl "120+12"]

1. e4 e5 2. Nc3 Nf6 3. Bc4 Nxe4 4. Qh5 Nd6 5. Bb3 Nc6 6. Nb5 g6 7. Qf3 f5 8.
Qd5 Qe7 9. Nxc7+ Kd8 10. Nxa8 b6 11. d3 Bb7 12. Nxb6 axb6 13. Qf3 Nd4 14.
Qg3 Nxb3 15. axb3 Bg7 16. Be3 Nc8 17. Bg5 Bf6 18. Bxf6 Qxf6 19. Nf3 h5 20.
Nxe5 Re8 21. d4 d6 22. O-O-O Kc7 23. Nxg6 Rg8 24. Qc3+ Kb8 25. Nf4 Bxg2 26.
Rhe1 Bb7 27. Rg1 Rxg1 28. Rxg1 Qh4 29. Qg3 Qg4 30. b4 Ne7 31. Ne6 Nd5 32.
Qxd6+ Ka7 33. Rxg4 {Black resigns} 1-0

[Event "GambitGuide"]
[Site "Internet Chess Club"]
[Date "2014.10.31"]
[Round "1"]
[White "JSBach"]
[Black "jmkchess"]
[Result "1-0"]
[ICCResult "Black resigns"]
[WhiteElo "1656"]
[BlackElo "2024"]
[Opening "Vienna: `Frankenstein-Dracula' variation"]
[ECO "C27"]
[NIC "VG.02"]
[Time "22:50:46"]
[TimeControl "120+12"]

1. e4 e5 2. Nc3 Nf6 3. Bc4 Nxe4 4. Qh5 Nd6 5. Bb3 Nc6 6. Nb5 g6 7. Qf3 f5 8.
Qd5 Qe7 9. Nxc7+ Kd8 10. Nxa8 b6 11. d3 Bb7 12. Nxb6 axb6 13. Qf3 Nd4 14.
Qg3 f4 15. Qg4 g5 16. Bd2 h5 17. Qd1 Bxg2 18. c3 Nxb3 19. Qxb3 Bxh1 20.
Qxb6+ Ke8 21. Qc7 Bc6 22. Ne2 Bg7 23. O-O-O Kf7 24. Re1 Rc8 25. Qb6 Bb5 26.
d4 e4 27. h4 Bxe2 28. Rxe2 f3 29. Re1 g4 30. Bf4 Rc6 31. Qa5 Kg6 32. Qd5 Qe6
33. Qg5+ Kh7 34. d5 {Black resigns} 1-0

[Event "GambitGuide"]
[Site "Internet Chess Club"]
[Date "2014.10.31"]
[Round "1"]
[White "JSBach"]
[Black "FischerKing"]
[Result "1-0"]
[ICCResult "Black resigns"]
[WhiteElo "1643"]
[BlackElo "1739"]
[Opening "Vienna: `Frankenstein-Dracula' variation"]
[ECO "C27"]
[NIC "VG.02"]
[Time "22:51:58"]
[TimeControl "120+12"]

1. e4 e5 2. Nc3 Nf6 3. Bc4 Nxe4 4. Qh5 Nd6 5. Bb3 Nc6 6. Nb5 g6 7. Qf3 f5 8.
Qd5 Qe7 9. Nxc7+ Kd8 10. Nxa8 b6 11. d3 Nd4 12. f4 Bb7 13. Qxe5 Nxb3 14.
axb3 Bxa8 15. Kf1 Bg7 16. Qxe7+ Kxe7 17. Rxa7 Bc6 18. b4 Nb5 19. Ra6 Nd4 20.
Rxb6 Nxc2 21. b5 Bd5 22. Ra6 Rc8 23. Ne2 Nd4 24. Nc3 Nxb5 25. Nxd5+ Kf7 26.
Ra1 Rc5 27. Ne3 d5 28. Kf2 Nd4 29. Ra7+ Kg8 30. b4 Rc3 31. Bb2 Rb3 32. Rxg7+
Kxg7 33. Bxd4+ Kh6 34. Be5 Rb2+ 35. Bxb2 {Black resigns} 1-0